 Dungeon Crawl Stone Soup version 0.23.2-1-ga50397a (webtiles) character file.

Game seed: 8847747929990947328

312 c14n the Conjurer (level 6, -1/48 HPs)
             Began as a Draconian Conjurer on May 31, 2019.
             Slain by a big kobold
             ... wielding a +0 club
              (2 damage)
             ... in a sewer.
             The game lasted 01:00:00 (4803 turns).

c14n the Conjurer (Draconian Conjurer)              Turns: 4803, Time: 01:00:00

Health: -1/48      AC:  9    Str: 13      XL:     6   Next: 18%
Magic:  1/11       EV: 11    Int: 17      God:
Gold:   164        SH:  0    Dex:  3 (11) Spells: 8/11 levels left

rFire    . . .     SeeInvis .   l - +0 whip
rCold    . . .     Gourm    .   (no shield)
rNeg     . . .     Faith    .   (armour unavailable)
rPois    .         Spirit   .   g - +2 hat
rElec    .         Reflect  .   (no cloak)
rCorr    .         Harm     .   b - +0 pair of gloves
MR       .....                  (no boots)
Stlth    +.........             (no amulet)
HPRegen  0.16/turn              i - +2 ring of strength
MPRegen  0.12/turn              (no ring)

@: no status effects
A: unfitting armour, cold-blooded, AC +6
a: no special abilities


You were in a sewer.
You were hungry.

You visited 1 branch of the dungeon, and saw 3 of its levels.
You also visited: Sewer.

You collected 164 gold pieces.

Inventory:

Hand Weapons
 l - a +0 whip (weapon)
 q - a +0 blowgun
Missiles
 e - 6 tomahawks (quivered)
 r - 14 poisoned needles
Armour
 b - a +0 pair of gloves (worn)
 g - a +2 hat (worn)
 s - a +0 buckler
Jewellery
 i - a +2 ring of strength (left hand)
Scrolls
 c - a scroll of random uselessness
 h - a scroll of remove curse {unknown}
 k - a scroll of teleportation {unknown}
 m - a scroll of identify {unknown}
 n - 3 scrolls of amnesia {unknown}
 o - a scroll of blinking {unknown}
Potions
 d - a potion of heal wounds {unknown}
 f - 2 potions of brilliance {unknown}
 j - 2 potions of lignification {unknown}
 p - a potion of degeneration {unknown}


   Skills:
 * Level 1.9 Fighting
 * Level 2.1 Maces & Flails
 + Level 2.6 Dodging
 + Level 2.1 Stealth
 - Level 0.3 Unarmed Combat
 + Level 3.3 Spellcasting
 + Level 5.3 Conjurations


You had 8 spell levels left.
You knew the following spells:

 Your Spells              Type           Power        Failure   Level  Hunger
a - Magic Dart            Conj           ###.         1%          1    None
b - Searing Ray           Conj           ###...       2%          2    ##.....

Your spell library contained the following spells:

 Spells                   Type           Power        Failure   Level  Hunger
 Dazzling Spray           Conj/Hex       ##....       17%         3    ###....
 Iskenderun's Mystic Bla  Conj           ###.....     19%         4    ####...
 Force Lance              Conj/Tloc      ##......     50%         4    ####...
 Fulminant Prism          Conj/Hex       ##........   50%         4    ####...


Dungeon Overview and Level Annotations

Branches:
Dungeon (3/15)

Altars:


Innate Abilities, Weirdness & Mutations

Your plain brown scales are hard. (AC +6)
You cannot fit into any form of body armour.
You are cold-blooded and may be slowed by cold attacks.


Message History

Aiming: Magic Dart (safe; 1% risk of failure)
Press: ? - help, Shift-Dir - straight line, f/p - big kobold
Aim: a big kobold, wielding a +0 club (blue smoke, severely wounded)
The magic dart hits the big kobold.
The big kobold is severely wounded.
The shadow imp barely misses you. The big kobold hits you with a +0 club.
* * * LOW HITPOINT WARNING * * *
The kobold barely misses you.
You hit the big kobold but do no damage.
The big kobold is severely wounded.
The shadow imp hits you but does no damage.
The big kobold hits you with a +0 club.
* * * LOW HITPOINT WARNING * * *
The kobold hits you but does no damage.
As you read the scroll labeled TANYHO VEICSEMU, it crumbles to dust.
Your nose twitches suddenly!
It was a scroll of random uselessness.
The shadow imp hits you.
* * * LOW HITPOINT WARNING * * *
The big kobold hits you with a +0 club.
You die...

#≈≈≈#≈≈≈≈≈≈#...#≈≈≈≈≈≈#
#############)#########
###...##########
#...°...#≈≈≈≈≈≈##
+......('......[###
+.°.§.§.'........∩#
+....§§§'......)###
#..°.°K§#≈≈≈≈≈≈##
##.§§K@#########
##''5## #≈... #≈...
#≈... #≈... #≈... #≈...


You could see a big kobold, a shadow imp and a kobold.

Vanquished Creatures
  2 quasits (Sewer)
  2 big kobold zombies (Sewer)
  A hound skeleton (D:2)
  5 adders
  3 shadow imps (Sewer)
  2 ufetubi (Sewer)
  4 oozes
  3 worms
  A dart slug (D:1)
  2 leopard geckos
  An orc (D:3)
  4 ball pythons
  11 bats
  A bat zombie (Sewer)
  4 giant cockroaches
  6 goblins
  11 hobgoblins
  5 jackals
  13 kobolds
  3 quokkas (D:2)
  6 frilled lizards
  A giant cockroach zombie (Sewer)
  A kobold zombie (Sewer)
  9 rats
101 creatures vanquished.

Vanquished Creatures (others)
  An ooze (Sewer)
  4 toadstools (D:1)
5 creatures vanquished.

Grand Total: 106 creatures vanquished

Notes
Turn   | Place    | Note
-------+----------+-------------------------------------------
     0 | D:1      | c14n the Draconian Conjurer began the quest for the Orb.
     0 | D:1      | Reached XP level 1. HP: 14/14 MP: 3/3
   289 | D:1      | Reached XP level 2. HP: 20/20 MP: 0/5
   881 | D:1      | Reached XP level 3. HP: 26/26 MP: 3/6
   974 | D:1      | Learned a level 2 spell: Searing Ray
  2006 | D:2      | Reached skill level 5 in Conjurations
  2049 | D:2      | Reached XP level 4. HP: 34/34 MP: 2/7
  2487 | D:2      | Reached skill level 1 in Maces & Flails
  2844 | D:2      | Reached skill level 1 in Fighting
  3346 | D:2      | Reached XP level 5. HP: 40/40 MP: 6/9
  3731 | D:3      | Found a glowing drain.
  3804 | Sewer    | Entered a sewer
  4277 | Sewer    | Found a burning altar of Makhleb.
  4554 | Sewer    | Reached XP level 6. HP: 23/48 MP: 0/11
  4803 | Sewer    | HP: 1/48 [shadow imp (5)]
  4803 | Sewer    | Slain by a big kobold

Skill      XL: |  1  2  3  4  5 |
---------------+----------------+-----
Dodging        | 2 |  2.6
Conjurations   | 5 |  5.3
Maces & Flails | 1 2 |  2.1
Fighting       | 1 |  1.9
Stealth        | 2 |  2.1
Spellcasting   | 3 |  3.3
Unarmed Combat | |  0.3

Action                   |  1- 3 |  4- 6 || total
-------------------------+-------+-------++-------
Melee: Unarmed           |    22 |       ||    22
       Club              |    13 |     8 ||    21
       Tailslap          |     1 |     9 ||    10
       Whip              |       |   155 ||   155
 Cast: Magic Dart        |    88 |   160 ||   248
       Searing Ray       |     1 |       ||     1
  Use: Scroll            |       |     2 ||     2
  Eat: Chunk             |     2 |     5 ||     7
       Ration            |     1 |     1 ||     2
Armor: Skin              |    14 |   173 ||   187
Dodge: Dodged            |    39 |   267 ||   306
Block: Buckler           |       |     4 ||     4
